 Dungeon Crawl Stone Soup version bcrawl-1.38.1 (webtiles) character file.

Game seed: 8345859222152931845

271101 Morbidden the Ducker (level 8, -3/46 HPs)
             Began as a Twilight Stalker Archaeologist on Mar 29, 2023.
             Slain by a gnoll sergeant
             ... wielding a +1 trident of venom
              (6 damage)
             ... on level 6 of the Dungeon.
             The game lasted 00:09:26 (4743 turns).

Morbidden the Ducker (VSAc)                         Turns: 4743, Time: 00:09:27

Health: -3/46      AC: 15    Str: 13    XL:     8   Next: 82%
Magic:  32/32      EV: 11    Int: 16    God:
Gold:   196        SH:  0    Dex: 14    Spells: 8/12 levels left

rFire    . . .     GDR:     29% a - +9 staff of Wucad Mu {crush, +Abjure *Drain MP+20}
rCold    . . .     SeeInvis .   (no shield)
rNeg     + . .     Gourm    +   x - +4 scale mail {MR+}
rPois    .         Faith    .   d - +1 hat
rElec    .         Spirit   .   y - +0 cloak
rCorr    .         Reflect  .   (no gloves)
MR       +....                  u - +1 pair of boots
Stlth    +++.......             r - amulet of the gourmand
HPRegen  0.57/turn              D - ring of positive energy
MPRegen  0.23/turn              (no ring)

@: no status effects
A: fangs 3, nightstalker 1, regeneration 1, no potion heal 3, rot immunity,
draining bite, strong jaws, assimilated armour
a: no special abilities


You were on level 6 of the Dungeon.
You were not hungry.

You visited 1 branch of the dungeon, and saw 6 of its levels.

You collected 562 gold pieces.
You spent 366 gold pieces at shops.

Inventory:

Hand Weapons
 a - the +9 staff of Wucad Mu (weapon) {crush, +Abjure *Drain MP+20}
   (You acquired it on level 3 of the Dungeon)

   It will always inflict at least some extra damage.
   This minimum extra damage increases with your current reserve of magical
   power.
   It affects your magic capacity (+20).
   It causes draining when unequipped.
 b - a +0 blowgun
 h - a +2 flail of crushing
Missiles
 f - 5 curare-tipped needles
 m - 170 javelins
 p - 1604 stones
 t - 272 poisoned needles
 C - 38 poisoned tomahawks (quivered)
Armour
 d - a +1 hat (worn)
 u - a +1 pair of boots (worn)
 x - a +4 scale mail of magic resistance (worn)
 y - a +0 cloak (worn)
Jewellery
 r - an amulet of the gourmand (around neck)
 D - a ring of positive energy (left hand)
Wands
 c - a wand of flame (20)
Scrolls
 g - 3 scrolls of magic mapping
 i - 2 scrolls of identify
 k - 2 scrolls of noise {unknown}
 l - 4 scrolls of teleportation
 B - 2 scrolls of amnesia {unknown}
 E - 2 scrolls of enchant weapon {unknown}
 G - a scroll of remove curse {unknown}
 H - a scroll of immolation {unknown}
 J - a scroll of blinking {unknown}
Potions
 j - a potion of agility {unknown}
 n - 2 potions of lignification {unknown}
 o - 3 potions of curing
 q - a potion of haste {unknown}
 s - a potion of brilliance {unknown}
 v - a potion of ambrosia {unknown}
 z - 2 potions of might {unknown}
 A - a potion of flight {unknown}
 F - a potion of cancellation {unknown}
 I - a potion of mutation {unknown}
Comestibles
 e - 13 rations {!d}
 w - 6 chunks of flesh


   Skills:
 * Level 3.1 Fighting
 * Level 3.5(4.2) Maces & Flails
 * Level 3.4(4.1) Staves
 * Level 3.1 Throwing
 * Level 3.2 Armour
 * Level 5.5 Dodging
 + Level 5.3 Stealth
 * Level 2.6 Spellcasting
 * Level 0.6 Necromancy
 * Level 2.1 Evocations


You had 8 spell levels left.
You knew the following spells:

 Your Spells              Type           Power        Failure   Level  Hunger
a - Necrotize             Necr           #.....       56%         1    None
b - Vampiric Draining     Necr           #.........   90%         3    ####...

Your spell library contained the following spells:

 Spells                   Type           Power        Failure   Level  Hunger
 Apportation              Tloc           #.....       65%         1    None
 Corona                   Hex            #......      65%         1    None
 Infusion                 Chrm           #.......     65%         1    None
 Sandblast                Erth           #.....       65%         1    None
 Slow                     Hex            #.......     65%         1    None
 Summon Butterflies       Summ           #.......     65%         1    None
 Agony                    Necr           #.......     100%        4    #####..
 Animate Dead             Necr           N/A          100%        4    #####..
 Dispel Undead            Necr           #.......     100%        5    #######


Dungeon Overview and Level Annotations

Branches:
Dungeon (6/12)
 Temple: D:4-7

Altars:
Qazlal
Ru

Shops:
D:4 ?   D:6 ?:!?(


Innate Abilities, Weirdness & Mutations

You have razor-sharp teeth.
You are slightly more attuned to the shadows.
Your natural rate of healing is unusually fast.
Potions cannot restore your health.
You are immune to rotting.
Your bite drains your enemy's life force.
Your bites deal extra damage.
Your stealth is less affected by armour.


Message History

No path to travel!
Throwing (i - inventory. (/) - cycle)
C - 39 poisoned tomahawks (quivered)
Press: ? - help, Shift-Dir - straight line, f/p - gnoll sergeant
Aim: a gnoll sergeant, wielding a +1 trident of venom, wearing a +0 scale mail and wearing a +2 medium shield of poison resistance (moderately wounded)
You throw a poisoned tomahawk.
The gnoll sergeant blocks the poisoned tomahawk.
* * * LOW HITPOINT WARNING * * *
You feel very sick. The centaur warrior closely misses you.
The gnoll sergeant hits you with a +1 trident of venom.
* * * LOW HITPOINT WARNING * * *
You are more poisoned.
No path to travel!
No path to travel!
No path to travel!
It was a potion of curing.
Your system rejects the healing.
You feel better. The centaur warrior hits you!
* * * LOW HITPOINT WARNING * * *
The gnoll sergeant hits you with a +1 trident of venom.
You die...

######## ########
#......# ## .......#
#...)..## .# #.
.......# #.......#
.#####... ....∩..+
+.......# .#.....<.
.......###.......######
.........
%....g@.)..........÷.##
##.###.#
.....c..)........###..#
.......#
.................# ##.#
..######
..........#+#......##..
...# ..........#
#......###. ...#####
..........# #.<....# #.
..∩....# #######...#
#......# #. ##.#####
#... #......# #.
.#######
#...#+#......####


You could see a centaur warrior and a gnoll sergeant.

Vanquished Creatures
  A hippogriff (D:6)
  Menkaure (D:6)
  An ice beast (D:5)
  2 sky beasts (D:4)
  An ogre (D:5)
  A bullfrog (D:4)
  2 centaurs
  A water moccasin skeleton (D:5)
  A scorpion (D:5)
  A wight (D:4)
  A crimson imp (D:4)
  3 bullfrog skeletons
  2 hounds
  Terence (D:2)
  3 worker ants
  5 gnolls
  7 adders
  A shadow imp (D:5)
  2 oozes (D:1)
  An adder skeleton (D:4)
  4 worms (D:2)
  4 dart slugs
  2 leopard geckos (D:3)
  15 orcs
  3 ball pythons
  4 giant cockroaches (D:1)
  5 goblins
  5 hobgoblins
  9 jackals
  3 quokkas (D:2)
  7 bats
  3 frilled lizards
  5 kobolds
  A rat (D:2)
108 creatures vanquished.

Notes
Turn   | Place    | Note
-------+----------+-------------------------------------------
     0 | D:1      | Morbidden the Vine Stalker Archaeologist began the quest
                  | for the Orb.
     0 | D:1      | Reached XP level 1. HP: 11/11 MP: 2/2
    33 | D:1      | Reached skill level 1 in Fighting
    33 | D:1      | Reached skill level 1 in Maces & Flails
    33 | D:1      | Reached XP level 2. HP: 13/16 MP: 3/3
   433 | D:1      | Reached XP level 3. HP: 20/20 MP: 4/4
  1265 | D:2      | Found a stormy altar of Qazlal.
  1627 | D:2      | Noticed Terence
  1642 | D:2      | Killed Terence
  1643 | D:2      | Reached skill level 5 in Stealth
  1643 | D:2      | Reached skill level 1 in Spellcasting
  1643 | D:2      | Reached XP level 4. HP: 25/25 MP: 6/6
  2266 | D:3      | Found a sacrificial altar of Ru.
  2314 | D:3      | Reached XP level 5. HP: 29/29 MP: 7/7
  2314 | D:3      | Identified a scroll of acquirement
  2319 | D:3      | Identified the +7 war axe "Naguiqipna" {venom, +Fly rPois
                  | rC-} (You acquired it on level 3 of the Dungeon)
  2319 | D:3      | Identified the ring "Rusaxog" {+Blink +Fly rElec rF-} (You
                  | acquired it on level 3 of the Dungeon)
  2320 | D:3      | Found the +9 staff of Wucad Mu {crush, +Abjure *Drain
                  | MP+20}
  2513 | D:3      | Reached skill level 1 in Armour
  2970 | D:4      | Reached skill level 1 in Throwing
  3003 | D:4      | Noticed a sky beast
  3020 | D:4      | Killed a sky beast
  3021 | D:4      | Gained mutation: You have razor-sharp teeth. [Vine Stalker
                  | growth]
  3021 | D:4      | Reached XP level 6. HP: 24/35 MP: 9/9
  3040 | D:4      | Noticed a sky beast
  3052 | D:4      | Killed a sky beast
  3053 | D:4      | Reached skill level 1 in Staves
  3119 | D:4      | Reached XP level 7. HP: 40/40 MP: 10/10
  3195 | D:4      | Found Mossar's Magic Scroll Shop.
  3203 | D:4      | Reached skill level 1 in Evocations
  3236 | D:4      | Bought a scroll of teleportation for 36 gold pieces
  3598 | D:5      | Entered Level 5 of the Dungeon
  3822 | D:5      | Gained mutation: Your bite drains your enemy's life force.
                  | [Twilight Stalker growth]
  3822 | D:5      | Gained mutation: Your stealth is less affected by armour.
                  | [Twilight Stalker growth]
  3822 | D:5      | Gained mutation: You are slightly more attuned to the
                  | shadows. [Twilight Stalker growth]
  3822 | D:5      | Reached XP level 8. HP: 37/45 MP: 12/12
  4040 | D:5      | Reached skill level 5 in Dodging
  4375 | D:6      | Found Tioth's Distillery.
  4412 | D:6      | Noticed Menkaure
  4419 | D:6      | Killed Menkaure
  4464 | D:6      | Found Cuxzad's Book Shop.
  4468 | D:6      | Bought a book of Necromancy for 330 gold pieces
  4472 | D:6      | Learned a level 3 spell: Vampiric Draining
  4518 | D:6      | Found Tieh's Magic Scroll Boutique.
  4603 | D:6      | Found Cenying's Antique Weapon Emporium.
  4608 | D:6      | Learned a level 1 spell: Necrotize
  4690 | D:6      | Noticed a hippogriff
  4698 | D:6      | Killed a hippogriff
  4721 | D:6      | Found Neshrebas's Magic Scroll Shop.
  4737 | D:6      | Noticed a centaur warrior
  4743 | D:6      | Slain by a gnoll sergeant

Skill      XL: |  1  2  3  4  5  6  7  8 |
---------------+-------------------------+-----
Fighting       | 1 2 3 |  3.1
Maces & Flails | 1 2 3 |  3.5
Dodging        | 4 5 |  5.5
Stealth        | 5 |  5.3
Spellcasting   | 1 2 |  2.6
Armour         | 1 2 3 |  3.2
Throwing       | 1 2 3 |  3.1
Staves         | 1 2 3 |  3.4
Evocations     | 1 2 |  2.1
Necromancy     | |  0.6

Action                   |  1- 3 |  4- 6 |  7- 9 || total
-------------------------+-------+-------+-------++-------
Melee: Whip              |    79 |       |       ||    79
       Bite              |     9 |    12 |    15 ||    36
       Mace              |    13 |    92 |       ||   105
       Staff             |       |    58 |    95 ||   153
 Fire: Blowgun           |     3 |     3 |       ||     6
Throw: Stone             |    29 |    11 |    23 ||    63
       Tomahawk          |       |       |    10 ||    10
       Javelin           |       |       |     2 ||     2
  Use: Scroll            |     1 |     2 |       ||     3
       Potion            |       |       |     1 ||     1
 Stab: Sleeping          |     7 |     3 |     2 ||    12
  Eat: Chunk             |     6 |    12 |    10 ||    28
Armor: Robe              |    32 |       |       ||    32
       Scale mail        |       |   125 |    45 ||   170
Dodge: Dodged            |    53 |   135 |    41 ||   229
